 Dungeon Crawl Stone Soup version 0.23.0-38-g208d714 (webtiles) character file.

Game seed: 15361646663867230840

3248 magipi the Destroyer (level 9, 0/45 HPs)
             Began as a Deep Elf Fire Elementalist on Feb 27, 2019.
             Was a Follower of Vehumet.
             Slain by a killer bee (3 damage)
             ... on level 8 of the Dungeon.
             The game lasted 00:34:42 (7912 turns).

magipi the Destroyer (Deep Elf Fire Elementalist)   Turns: 7912, Time: 00:34:42

Health: 0/45       AC: 10    Str:  8    XL:     9   Next: 67%
Magic:  12/22      EV: 12    Int: 21    God:    Vehumet [*.....]
Gold:   167        SH:  0    Dex: 15    Spells: 7/23 levels left

rFire    + + .     SeeInvis .   a - +6 dagger (drain)
rCold    + . .     Gourm    .   (no shield)
rNeg     . . .     Faith    .   t - +3 leather armour {rF+}
rPois    +         Spirit   .   k - +1 helmet
rElec    +         Reflect  .   (no cloak)
rCorr    +         Harm     .   (no gloves)
MR       +....                  p - +1 pair of boots
Stlth    ++........             d - amulet of the acrobat
HPRegen  0.15/turn              m - ring of protection from magic
MPRegen  0.18/turn              (no ring)

@: lethally poisoned (0 -> -1), about to teleport, resistant, very slightly
contaminated
A: no striking features
a: Renounce Religion


You were on level 8 of the Dungeon.
You worshipped Vehumet.
Vehumet was aware of your devotion.
You were very hungry.

You visited 2 branches of the dungeon, and saw 9 of its levels.

You collected 275 gold pieces.
You spent 108 gold pieces at shops.

Inventory:

Hand Weapons
 a - a +6 dagger of draining (weapon)
   (You took it off Dowan on level 5 of the Dungeon)
 b - the +9 spear "Jurexos" {speed, rN+ MP+9 SInv}
   (You found it on level 7 of the Dungeon)

   Attacks with this weapon are significantly faster.
   It protects you from negative energy.
   It affects your magic capacity (+9).
   It lets you see invisible.
Missiles
 B - 7 javelins (quivered)
Armour
 k - a +1 helmet (worn)
   (You took it off Robin on level 3 of the Dungeon)
 p - a +1 pair of boots (worn)
   (You found it on level 2 of the Dungeon)
 t - a +3 leather armour of fire resistance (worn)
   (You took it off Eustachio on level 5 of the Dungeon)
Magical Staves
 w - an uncursed staff of fire
   (You found it on level 7 of the Dungeon)
Jewellery
 d - an amulet of the acrobat (around neck)
   (You found it on level 3 of the Dungeon)
 m - a ring of protection from magic (left hand)
   (You found it on level 6 of the Dungeon)
 q - an uncursed amulet of rage
   (You found it on level 3 of the Dungeon)
Wands
 o - a wand of paralysis (13)
   (You found it on level 6 of the Dungeon)
 r - a wand of polymorph (13)
   (You took it off Grinder on level 3 of the Dungeon)
 s - a wand of random effects (17)
   (You found it on level 5 of the Dungeon)
Scrolls
 j - 2 scrolls of identify
 x - a scroll of teleportation
 y - 4 scrolls of remove curse
Potions
 f - a potion of mutation
 h - 4 potions of curing
 i - 2 potions of flight
 l - 4 potions of brilliance
 n - a potion of magic
 v - a potion of agility
 z - a potion of ambrosia
 D - a potion of resistance
Comestibles
 c - 22 rations
 g - a chunk of flesh


   Skills:
 - Level 2.4 Dodging
 - Level 2.4 Stealth
 + Level 7.9 Spellcasting
 - Level 10.0 Conjurations
 * Level 9.9 Fire Magic


You had 7 spell levels left.
You knew the following spells:

 Your Spells              Type           Power        Failure   Level  Hunger
a - Flame Tongue          Conj/Fire      #####        1%          1    None
b - Inner Flame           Hex/Fire       ####....     4%          3    None
c - Conjure Flame         Conj/Fire      ######..     1%          3    None
f - Fireball              Conj/Fire      ######....   5%          5    #####..
y - Sticky Flame          Conj/Fire      ######..     1%          4    ###....

Your spell library contained the following spells:

 Spells                   Type           Power        Failure   Level  Hunger
 Freeze                   Ice            #...         12%         1    None
 Magic Dart               Conj           ####         1%          1    None
 Searing Ray              Conj           ######       1%          2    None
 Throw Flame              Conj/Fire      ######       1%          2    None
 Iskenderun's Mystic Bla  Conj           ######..     1%          4    ###....
 Dazzling Spray           Conj/Hex       ####..       4%          3    None
 Animate Skeleton         Necr           N/A          12%         1    None
 Pain                     Necr           #...         12%         1    None
 Force Lance              Conj/Tloc      ####....     14%         4    ###....
 Fulminant Prism          Conj/Hex       ####......   14%         4    ###....
 Regeneration             Chrm/Necr      #.........   34%         3    None
 Vampiric Draining        Necr           #.........   34%         3    None
 Animate Dead             Necr           N/A          75%         4    ###....


Dungeon Overview and Level Annotations

Branches:
Dungeon (8/15)             Temple (1/1) D:5
   Lair: D:8-11

Altars:
Ashenzari
Cheibriados
Dithmenos
Elyvilon
Fedhas
Gozag
Hepliaklqana
Kikubaaqudgha
Makhleb
Nemelex Xobeh
Okawaru
Qazlal
Ru
Sif Muna
Trog
Uskayaw
Vehumet
Xom
Yredelemnul
Zin
The Shining One

Shops:
D:4 :%!   D:6 [


Message History

You closely miss the killer bee.
The killer bee is severely wounded.
The killer bee burns!
The killer bee stings you but does no damage.
The killer bee misses you.
Unknown command.
You hit the killer bee.
You kill the killer bee!
Vehumet accepts your kill. The killer bee stings you.
Unknown command.
Casting: Sticky Flame (safe; 1% risk of failure)
Confirm with . or Enter, or press ? or * to list all spells.
Aiming: Sticky Flame (safe; 1% risk of failure)
Press: ? - help, Shift-Dir - straight line, f - killer bee
Aim: a killer bee The sticky flame hits the killer bee.
The killer bee is moderately wounded.
The killer bee is covered in liquid flames!
The killer bee burns!
The killer bee stings you but does no damage.
The killer bee stings you.
You are poisoned.
The killer bee poisons you!
You hit the killer bee.
You kill the killer bee!
Vehumet accepts your kill.
You feel sick.
The killer bee stings you but does no damage.
Unknown command.
Magic courses through your body.
You feel sick. The killer bee stings you.
The killer bee stings you but does no damage.
Unknown command.
Unknown command.
Casting: Sticky Flame (safe; 1% risk of failure)
Confirm with . or Enter, or press ? or * to list all spells.
Aiming: Sticky Flame (safe; 1% risk of failure)
Press: ? - help, Shift-Dir - straight line, f - killer bee
Aim: a killer bee The sticky flame hits the killer bee!
The killer bee is severely wounded.
The killer bee is covered in liquid flames!
You feel sick.
The killer bee burns!
You kill the killer bee!
Vehumet accepts your kill.
Training target 10.0 for Conjurations reached!
Your Conjurations skill increases to level 10!
The killer bee closely misses you.
Unknown command.
Casting: Sticky Flame (safe; 1% risk of failure)
Confirm with . or Enter, or press ? or * to list all spells.
Aiming: Sticky Flame (safe; 1% risk of failure)
Press: ? - help, Shift-Dir - straight line, f - killer bee
Aim: a killer bee The sticky flame hits the killer bee!
The killer bee is severely wounded.
The killer bee is covered in liquid flames!
You are feeling very hungry.
The killer bee burns!
The killer bee stings you but does no damage.
The killer bee misses you.
Casting: Sticky Flame (safe; 1% risk of failure)
Confirm with . or Enter, or press ? or * to list all spells.
Aiming: Sticky Flame (safe; 1% risk of failure)
Press: ? - help, Shift-Dir - straight line, f/p - killer bee
Aim: a killer bee (severely wounded, covered in liquid flames)
The sticky flame hits the killer bee.
The killer bee is almost dead.
The killer bee is covered in liquid flames!
You feel sick.
The killer bee burns!
You kill the killer bee!
Vehumet accepts your kill.
The killer bee buzzes angrily.
You hit the killer bee but do no damage.
You drain the killer bee.
The killer bee is moderately wounded.
You hear an angry buzzing noise.
The killer bee stings you but does no damage. x2
The wight misses you.
Unknown command.
Unknown command.
You feel sick. The killer bee completely misses you.
A killer bee comes into view.
The killer bee misses you.
You feel sick.
The killer bee stings you but does no damage.
The killer bee stings you.
The killer bee buzzes angrily.
The killer bee stings you but does no damage.
The killer bee closely misses you. The killer bee completely misses you.
Unknown command.
Okay, then.
As you read the scroll of teleportation, it crumbles to dust.
You feel strangely unstable.
You feel sick. The killer bee stings you.
* * * LOW HITPOINT WARNING * * *
The killer bee stings you.
* * * LOW HITPOINT WARNING * * *
The killer bee stings you but does no damage. x2
The killer bee stings you.
You die...

,,*#.#..#..##.♣♣#♣..♣♣.# *
,***......)....#.....#.# *
,,**#....#.###y#.#...#.####### *
,,* #......# #.#.#...#.#.....# *
,,* #..##..# #.yz....#÷#.###.# *
,,*##..##..#####y#...#.#.# #.####
,,*#......>....#y#...#.#.# #.....
,,*#...#######.#y#...#.#.#######.
,,*#...#<.))...#@#.#.#...........
,,*#...######..y.y.......########
,,*#..........#....#...#.#
,,*#..################.##########
,,*#.............................
***#.#################.##########
* #.# #.# ####.######## #>#
............# #.#


You could see 6 killer bees and a wight.

Vanquished Creatures
  Grinder (D:3)
  A yak (D:7)
  Eustachio (D:5)
  A human (D:7)
  3 hogs (D:7)
  Duvessa (D:5)
  3 ice beasts
  2 orc warriors (D:6)
  A phantom (D:4)
  A necrophage (D:3)
  2 bullfrogs
  Dowan (D:5)
  10 killer bees (D:8)
  4 wights (D:8)
  A howler monkey (D:4)
  2 orc priests (D:4)
  A centaur skeleton (D:6)
  2 iguanas
  3 orc wizards
  6 worker ants
  A hound skeleton (D:5)
  Robin (D:3)
  3 howler monkey skeletons
  7 adders
  2 shadow imps
  An ooze (D:7)
  A worm (D:2)
  3 dart slugs
  10 leopard geckos
  12 orcs
  8 bats
  8 giant cockroaches
  16 goblins
  9 hobgoblins
  7 jackals
  10 kobolds
  6 quokkas
  5 ball pythons
  8 frilled lizards
  10 rats
175 creatures vanquished.

Notes
Turn   | Place    | Note
-------+----------+-------------------------------------------
     0 | D:1      | magipi the Deep Elf Fire Elementalist began the quest for
                  | the Orb.
     0 | D:1      | Reached XP level 1. HP: 10/10 MP: 6/6
   377 | D:1      | Reached skill level 2 in Conjurations
   377 | D:1      | Reached XP level 2. HP: 15/15 MP: 5/8
  1260 | D:2      | Reached XP level 3. HP: 15/19 MP: 3/9
  1442 | D:2      | Reached skill level 3 in Conjurations
  1690 | D:2      | Learned a level 3 spell: Inner Flame
  2089 | D:3      | Reached XP level 4. HP: 24/24 MP: 6/10
  2203 | D:3      | Learned a level 3 spell: Conjure Flame
  2232 | D:3      | Noticed Robin
  2241 | D:3      | Reached skill level 4 in Conjurations
  2481 | D:3      | Noticed a necrophage
  2518 | D:3      | Killed a necrophage
  2518 | D:3      | Reached XP level 5. HP: 28/28 MP: 6/11
  2533 | D:3      | Killed Robin
  2561 | D:3      | Reached skill level 5 in Conjurations
  2697 | D:3      | Noticed Grinder
  2716 | D:3      | Killed Grinder
  2716 | D:3      | Reached skill level 5 in Fire Magic
  2716 | D:3      | Reached XP level 6. HP: 4/32 MP: 9/13
  2937 | D:3      | Learned a level 4 spell: Sticky Flame
  2990 | D:3      | Found a sacrificial altar of Ru.
  3434 | D:4      | Found Ekyxedill's Food Emporium.
  3750 | D:4      | Reached skill level 6 in Conjurations
  3786 | D:5      | Entered Level 5 of the Dungeon
  3786 | D:5      | Noticed Eustachio
  3818 | D:5      | Noticed an ice beast
  3840 | D:5      | Killed Eustachio
  3840 | D:5      | Reached XP level 7. HP: 5/36 MP: 6/15
  4091 | D:5      | Found a staircase to the Ecumenical Temple.
  4094 | D:5      | Noticed Dowan
  4104 | D:5      | Noticed Duvessa
  4197 | D:4      | Found Uzaojah's Distillery.
  4200 | D:4      | Bought a potion of heal wounds for 60 gold pieces
  4200 | D:4      | Bought a potion of degeneration for 12 gold pieces
  4200 | D:4      | Bought a potion of flight for 36 gold pieces
  4278 | D:4      | Found an iron altar of Okawaru.
  4299 | D:4      | Reached skill level 5 in Spellcasting
  4299 | D:4      | Reached skill level 7 in Conjurations
  4461 | D:4      | Found Moshap's Book Shoppe.
  4559 | D:5      | Killed Duvessa
  4559 | D:5      | Reached XP level 8. HP: 21/41 MP: 3/18
  4560 | D:5      | Killed Dowan
  5388 | D:6      | Found Guh Beoli's Antique Armour Emporium.
  5585 | D:6      | Reached skill level 8 in Conjurations
  5599 | D:6      | Learned a level 5 spell: Fireball
  6430 | Temple   | Entered the Ecumenical Temple
  6443 | Temple   | Became a worshipper of Vehumet
  6784 | D:7      | Reached XP level 9. HP: 37/45 MP: 15/21
  6903 | D:7      | Found a deep blue altar of Sif Muna.
  6907 | D:7      | Found a shadowy altar of Dithmenos.
  6909 | D:7      | Found a glowing silver altar of Zin.
  6911 | D:7      | Found a sacrificial altar of Ru.
  6963 | D:7      | Reached skill level 9 in Conjurations
  7362 | D:7      | Got an iridescent spear
  7363 | D:7      | Identified the +9 spear "Jurexos" {speed, rN+ MP+9 SInv}
                  | (You found it on level 7 of the Dungeon)
  7895 | D:8      | Reached * piety under Vehumet
  7895 | D:8      | Offered knowledge of Freeze by Vehumet.
  7903 | D:8      | Reached skill level 10 in Conjurations
  7912 | D:8      | Slain by a killer bee

Skill      XL: |  1  2  3  4  5  6  7  8  9 |
---------------+----------------------------+-----
Conjurations   | 2 3 4 5 6 7 8 10 | 10.0
Fire Magic     | 4 5 6 7 8 9 |  9.9
Spellcasting   | 4 5 6 7 |  7.9
Dodging        | |  2.4
Stealth        | |  2.4

Action                   |  1- 3 |  4- 6 |  7- 9 || total
-------------------------+-------+-------+-------++-------
Melee: Long sword        |     2 |    50 |    21 ||    73
       Dagger            |     1 |     3 |    84 ||    88
       Spear             |       |       |    44 ||    44
       Unarmed           |       |       |    45 ||    45
 Cast: Flame Tongue      |    69 |    59 |    25 ||   153
       Conjure Flame     |       |     1 |     7 ||     8
       Sticky Flame      |       |     5 |    41 ||    46
       Fireball          |       |       |     5 ||     5
 Abil: Evoke Berserk Rag |       |     1 |       ||     1
Evoke: Wand              |       |       |     1 ||     1
  Use: Scroll            |       |     7 |    12 ||    19
       Potion            |       |     1 |     5 ||     6
 Stab: Sleeping          |     3 |     4 |     9 ||    16
  Eat: Chunk             |     3 |     7 |    16 ||    26
       Ration            |       |       |     1 ||     1
Armor: Robe              |     7 |    44 |     2 ||    53
       Leather armour    |       |       |    52 ||    52
       Skin              |       |       |    51 ||    51
Dodge: Dodged            |    28 |   147 |   139 ||   314
       Rpst.: Long sword |     7 |    41 |    11 ||    59

Action                   |  1- 3 |  4- 6 |  7- 9 || total
-------------------------+-------+-------+-------++-------
Melee: Long sword        |     2 |    50 |    21 ||    73
       Dagger            |     1 |     3 |    84 ||    88
       Spear             |       |       |    44 ||    44
       Unarmed           |       |       |    45 ||    45
 Cast: Flame Tongue      |    69 |    59 |    25 ||   153
       Conjure Flame     |       |     1 |     7 ||     8
       Sticky Flame      |       |     5 |    41 ||    46
       Fireball          |       |       |     5 ||     5
 Abil: Evoke Berserk Rag |       |     1 |       ||     1
Evoke: Wand              |       |       |     1 ||     1
  Use: Scroll            |       |     7 |    12 ||    19
       Potion            |       |     1 |     5 ||     6
 Stab: Sleeping          |     3 |     4 |     9 ||    16
  Eat: Chunk             |     3 |     7 |    16 ||    26
       Ration            |       |       |     1 ||     1
Armor: Robe              |     7 |    44 |     2 ||    53
       Leather armour    |       |       |    52 ||    52
       Skin              |       |       |    51 ||    51
Dodge: Dodged            |    28 |   147 |   139 ||   314
       Rpst.: Long sword |     7 |    41 |    11 ||    59
